 Dungeon Sprint DCSS version 0.30.1 (webtiles) character file.

Game seed: 12029573099208354525

48 boopmooplesden the Spear-Bearer (level 6, -6/85 HPs)
             Began as a Demonspawn Berserker on July 8, 2023.
             Was an Elder of Trog.
             Mangled by a merfolk
             ... wielding a +0 trident
              (18 damage)
             ... in the Dungeon (Sprint VI: "Thunderdome").
             The game lasted 00:01:41 (306 turns).

boopmooplesden the Spear-Bearer (DsBe)               Turns: 306, Time: 00:01:42

Health: -6/85      AC:  9    Str: 27    XL:     6   Next: 49%
Magic:  6/6        EV: 13    Int: 15    God:    Trog [****..]
Gold:   145        SH:  0    Dex: 17    Spells: 5/5 levels left

rFire   . . .        a - +0 spear
rCold   x . .        (no shield)
rNeg    . . .        q - +0 scale mail
rPois   +            (no helmet)
rElec   +            (no cloak)
rCorr   .            (no gloves)
SInv    +            (no boots)
Will    +....        o - amulet "Bagraboh" {RegenMP Str+2 Dex+5} Stlth
                     m - ring of Liren {Will+ Int+6}
HPRegen 0.34/turn    n - ring "Rutefiun" {rElec rPois rC- Str+6 SInv}
MPRegen 0.50/turn

%: no teleportation
@: berserking, very quick
A: molten scales 1, demonic magic 2
a: Renounce Religion, Berserk, Trog's Hand, Brothers in Arms


You were in the Dungeon.
You worshipped Trog.
Trog was greatly pleased with you.
You visited 1 branch You collected 280 gold pieces.
You spent 135 gold pieces at shops.

Inventory:

Hand Weapons
 a - a +0 spear (weapon)
Missiles
 p - 3 boomerangs of dispersal (quivered)
Armour
 b - a +0 animal skin
 q - a +0 scale mail (worn)
Jewellery
 m - the ring of Liren (left hand) {Will+ Int+6}
   (You bought it in a shop in the Dungeon)

   [ring of intelligence]

   Int:       It affects your intelligence (+6).
   Will:      It increases your willpower.
 n - the ring "Rutefiun" (right hand) {rElec rPois rC- Str+6 SInv}
   (You bought it in a shop in the Dungeon)

   [ring of strength]

   Str:       It affects your strength (+6).
   rC:        It makes you vulnerable to cold.
   rElec:     It insulates you from electricity.
   rPois:     It protects you from poison.
   SInv:      It lets you see invisible.
 o - the amulet "Bagraboh" (around neck) {RegenMP Str+2 Dex+5}
   (You bought it in a shop in the Dungeon)

   [amulet of magic regeneration]

   It increases your rate of magic regeneration.
   Str:       It affects your strength (+2).
   Dex:       It affects your dexterity (+5).
Wands
 j - a wand of light (5)
 k - a wand of roots (5)
Scrolls
 h - 4 scrolls of blinking
 l - 3 scrolls of fog
Potions
 c - a potion of curing
 d - 2 potions of heal wounds
 e - 4 potions of haste
 f - 2 potions of magic
 g - a potion of berserk rage
 i - a potion of resistance


   Skills:
 + Level 8.4 Fighting
 + Level 8.7 Polearms
 + Level 5.0 Armour
 + Level 5.0 Dodging
 + Level 0.2 Stealth


You had 5 spell levels left.
You didn't know any spells.
Your spell library was empty.

Dungeon Overview and Level Annotations

Branches:
Dungeon (1/1)

Altars:
Cheibriados
Dithmenos
Fedhas
Gozag
Kikubaaqudgha
Makhleb
Okawaru
Qazlal
Ru
Sif Muna
Trog
Uskayaw
Vehumet
Wu Jian
Xom
Yredelemnul
Lugonu

Shops:
D *[??*?*:[((!!!!


Innate Abilities, Weirdness & Mutations

You are partially covered in molten scales. (AC +2)
Spells you cast may paralyse nearby enemies.


Message History

You feel much better. The wyvern barely misses you. The wyvern bites you.
A red film seems to cover your vision as you go berserk!
You feel yourself moving faster!
You feel mighty! The wyvern barely misses you. The merfolk barely misses you.
You puncture the wyvern!
The wyvern is moderately wounded.
The wyvern closely misses you.
You puncture the wyvern!
The wyvern is almost dead.
The merfolk hits you from afar with a +0 trident.
You closely miss the wyvern.
The wyvern is almost dead.
The wyvern barely misses you.
The merfolk hits you from afar with a +0 trident!!
You hit the wyvern.
You kill the wyvern!
Trog accepts your kill.
You can now call in reinforcements.
The merfolk hits you from afar with a +0 trident.
* * * LOW HITPOINT WARNING * * *
Your Fighting skill increases to level 8!
Your Polearms skill increases to level 8!
Your Armour skill increases to level 5!
Your Dodging skill increases to level 5!
You have reached level 6!
Your demonic ancestry asserts itself...
Your magic grows more menacing.
You closely miss the merfolk. The merfolk hits you with a +0 trident.
* * * LOW HITPOINT WARNING * * *
You closely miss the merfolk. The merfolk misses you.
You closely miss the merfolk. The merfolk closely misses you.
You hit the merfolk but do no damage.
The merfolk hits you from afar with a +0 trident!
* * * LOW HITPOINT WARNING * * *
You puncture the merfolk!
The merfolk is lightly wounded.
The merfolk closely misses you.
You hit the merfolk.
The merfolk is moderately wounded.
The merfolk hits you from afar with a +0 trident!!
You die...

#........_# #_......._#
###.........###
#⌠...........⌠#
######.8...).....8.####
##.___......###......___∩
###∩........8.# #.8........∩
##...)........)###m..........
#⌠..........###m@.###........
#⌠.........)# #.<.# #........
#⌠.........[###...###........
##.............###...........
###∩........8.# #.8........∩
##∩___......###......__.∩#
######.8.........8.######
#⌠...........⌠#
###.........###


You could see 2 merfolk.

Vanquished Creatures
  A wyvern (D)
  2 phantoms (D)
  A necrophage (D)
  An orc wizard (D)
  An adder zombie (D)
  4 orcs (D)
  A ball python skeleton (D)
11 creatures vanquished.

Notes
Turn   | Place    | Note
-------+----------+-------------------------------------------
     0 | D        | boopmooplesden the Demonspawn Berserker began the quest for
                  | the Orb.
     0 | D        | Reached XP level 1. HP: 18/18 MP: 1/1
     3 | D        | Found a bloodstained altar of Trog.
     3 | D        | Found a shimmering blue altar of Sif Muna.
     4 | D        | Found a corrupted altar of Lugonu.
     5 | D        | Found a burning altar of Makhleb.
     5 | D        | Found an opulent altar of Gozag.
     5 | D        | Round 1.
     6 | D        | Found a basalt altar of Yredelemnul.
     6 | D        | Found an ornate altar of the Wu Jian Council.
     6 | D        | Found Qempaozyrph's Identification Station.
     7 | D        | Found Plog's Jewellery.
     7 | D        | Found Sifuoxt's Advanced Armour.
    20 | D        | Bought a smoking pewter ring for 45 gold pieces
    20 | D        | Identified the ring of Liren {Will+ Int+6} (You bought it
                  | in a shop in the Dungeon)
    20 | D        | Bought a smoking granite ring for 45 gold pieces
    20 | D        | Identified the ring "Rutefiun" {rElec rPois rC- Str+6 SInv}
                  | (You bought it in a shop in the Dungeon)
    20 | D        | Bought an ancient garnet amulet for 45 gold pieces
    20 | D        | Identified the amulet "Bagraboh" {RegenMP Str+2 Dex+5} (You
                  | bought it in a shop in the Dungeon)
    30 | D        | Noticed an orc wizard
    32 | D        | Found a sacrificial altar of Ru.
    33 | D        | Found Iduu's Premium Goods.
    47 | D        | Killed an orc wizard
    47 | D        | Reached ** piety under Trog
    48 | D        | Gained mutation: You are partially covered in molten
                  | scales. (AC +2) [demonic ancestry]
    48 | D        | Reached XP level 2. HP: 7/26 MP: 2/2
    62 | D        | Gained mutation: Spells you cast may paralyse adjacent
                  | enemies. [demonic ancestry]
    62 | D        | Reached XP level 3. HP: 4/31 MP: 3/3
    64 | D        | Found an ancient bone altar of Kikubaaqudgha.
    64 | D        | Found a shimmering altar of Xom.
    65 | D        | Found a shadowy altar of Dithmenos.
    65 | D        | Found a hide-covered altar of Uskayaw.
    65 | D        | Found Ephig's Magic Scroll Shop.
    65 | D        | Found Oklieschy's Staff Store.
    66 | D        | Found Ycleuj's Magic Scroll Shop.
    66 | D        | Found Hyulosut's Must-Have Magic.
    70 | D        | Arena points: 12 (+12) [x2]
    96 | D        | Found a radiant altar of Vehumet.
    96 | D        | Found Geetzo's Weapon Rack.
    97 | D        | Found Jettax's Miscellaneous Merchandise.
    97 | D        | Found Tumyoj's Basic Armour.
   100 | D        | Round 2.
   129 | D        | Found a stormy altar of Qazlal.
   130 | D        | Found an iron altar of Okawaru.
   145 | D        | Noticed a necrophage
   147 | D        | Found Tizaoj's Do-It-Yourself Clinic.
   148 | D        | Found Dilagatz's Bottled Wisdom.
   148 | D        | Found Famaasm's Distillery.
   156 | D        | Killed a necrophage
   156 | D        | Reached *** piety under Trog
   157 | D        | Reached skill level 5 in Polearms
   157 | D        | Reached XP level 4. HP: 40/40 MP: 4/4
   157 | D        | Found a blossoming altar of Fedhas.
   157 | D        | Found a snail-covered altar of Cheibriados.
   157 | D        | Found Booc's Distillery.
   174 | D        | Noticed a phantom
   175 | D        | Noticed a phantom
   193 | D        | Killed a phantom
   194 | D        | Reached XP level 5. HP: 29/47 MP: 5/5
   198 | D        | Killed a phantom
   200 | D        | Arena points: 48 (+36) [x3]
   261 | D        | Round 3.
   280 | D        | Noticed a wyvern
   281 | D        | Noticed a merfolk
   290 | D        | Noticed a merfolk
   293 | D        | Noticed a merfolk
   299 | D        | Killed a wyvern
   299 | D        | Reached **** piety under Trog
   300 | D        | Reached skill level 5 in Armour
   300 | D        | Reached skill level 5 in Dodging
   300 | D        | Gained mutation: Spells you cast may paralyse nearby
                  | enemies. [demonic ancestry]
   300 | D        | Reached XP level 6. HP: 25/57 MP: 6/6
   306 | D        | Mangled by a merfolk

Illustrated notes

Levels and vault maps discovered:
D:        arena_sprint

Skill      XL: |  1  2  3  4  5 |
---------------+----------------+-----
Polearms       | 4 5 6 8 |  8.7
Fighting       | 4 6 8 |  8.4
Armour         | 2 3 5 |  5.0
Dodging        | 2 3 5 |  5.0
Stealth        | |  0.2

Action                     |  1- 3 |  4- 6 || total
---------------------------+-------+-------++-------
  Melee: Spear             |    38 |    32 ||    70
         Punch             |     1 |       ||     1
 Invoke: Berserk           |     2 |     2 ||     4
    Use: Potion            |     1 |     1 ||     2
 Armour: Scale mail        |     6 |    13 ||    19
         Animal skin       |     1 |       ||     1
  Dodge: Dodged            |    12 |    20 ||    32
